Map: Frozen Temple

Players

TossNoSkill - Winner!

  • Race: Protoss Protoss
  • League: Diamond

DarthKing

  • Race: Protoss Protoss
  • League: Diamond

VOD

Have the link to the VOD?

Description

Time

  • Played on: Nov. 2, 2016, 9:32 p.m.
  • Length: 4:51
Show
View Real Time Build Order
Export as new Build Order

TossNoSkill Protoss - Winner!

Build Orders:  

Get SALT Encoding   

  12  0:01  Probe (Chrono Boost)  
  13  0:11  Probe (Chrono Boost)  
  14  0:18  Pylon  
  14  0:22  Probe (Chrono Boost)  
  15  0:36  Probe (Chrono Boost)  
  15  0:38  Gateway  
  16  0:45  Assimilator  
  16  0:48  Probe (Chrono Boost)  
  17  0:57  Assimilator  
  17  0:58  Probe (Chrono Boost)  
  18  1:09  Pylon  
  19  1:11  Probe (Chrono Boost)  
  19  1:25  Cybernetics Core  
  19  1:37  Probe (Chrono Boost)  
  20  1:47  Probe (Chrono Boost)  
  20  1:51  Warp Gate  
  21  1:58  Probe (Chrono Boost)  
  22  2:04  Gateway  
  22  2:07  Gateway  
  21  2:18  Probe (Chrono Boost)  
  21  2:20  Stalker  
  25  2:30  Probe (Chrono Boost)  
  25  2:48  Pylon  
  27  2:51  Stalker  
  27  2:52  Mothership Core (Chrono Boost), Stalker  
  31  3:07  Gateway  
  31  3:09  Pylon  
  30  3:49  Probe (Chrono Boost)  
  30  3:52  Pylon  
  30  4:01  Probe (Chrono Boost)  
  31  4:04  Stalker x4  
  38  4:28  Stalker x3  
  38  4:29  Stalker  
Show
View Real Time Build Order
Export as new Build Order

DarthKing Protoss 

Build Orders:  

Get SALT Encoding   

  12  0:01  Probe (Chrono Boost)  
  13  0:12  Probe (Chrono Boost)  
  14  0:20  Pylon  
  14  0:28  Probe (Chrono Boost)  
  15  0:38  Probe (Chrono Boost)  
  15  0:39  Gateway  
  16  0:56  Gateway  
  16  0:58  Probe (Chrono Boost)  
  17  1:07  Pylon  
  17  1:09  Probe (Chrono Boost)  
  18  1:15  Assimilator  
  18  1:21  Assimilator  
  18  1:34  Cybernetics Core  
  18  1:43  Probe (Chrono Boost)  
  19  1:53  Probe (Chrono Boost)  
  20  2:03  Pylon  
  20  2:04  Probe (Chrono Boost)  
  20  2:07  Pylon  
  21  2:10  Adept  
  23  2:18  Adept  
  25  2:29  Mothership Core (Chrono Boost)  
  27  2:42  Robotics Facility  
  27  2:47  Probe (Chrono Boost)  
  28  3:01  Stalker  
  28  3:03  Sentry  
  32  3:06  Probe (Chrono Boost)  
  33  3:16  Probe (Chrono Boost)  
  34  3:34  Immortal  
  30  3:37  Gateway  
Tags
 
Add a new tag
Caveats
  • Supply blocks, unpowered buildings, or Contaminate may cause inaccurate times.
  • Supply counts are checked every 10 seconds.